 Dungeon Crawl Stone Soup version 0.19-a0-1827-g174f941 (webtiles) character file.

432 rgaf the Chopper (level 6, -4/48 HPs)
             Began as a Mummy Wanderer on Oct 8, 2016.
             Slain by an ogre
             ... wielding a +0 giant spiked club
              (12 damage)
             ... on level 4 of the Dungeon.
             The game lasted 00:05:22 (4073 turns).

rgaf the Chopper (Mummy Wanderer)                   Turns: 4073, Time: 00:05:23

Health: -4/48      AC:  9    Str: 17    XL:     6   Next: 67%
Magic:  6/6        EV:  7    Int:  9    God:
Gold:   162        SH:  0    Dex: 14    Spells: 0 memorised, 5 levels left

rFire  x . .     SeeInvis .     a - +2 hand axe
rCold  + . .     Gourm    .     j - +0 chain mail
rNeg   + + +     Faith    .     (no shield)
rPois  ∞         Spirit   .     (no helmet)
rElec  .         Dismiss  .     (no cloak)
rCorr  .         Reflect  .     (no gloves)
MR     .....     Harm     .     (no boots)
Stlth  ..........               (no amulet)
                                (no ring)
                                (no ring)

@: no status effects
A: no food or potions, fire vulnerability, cold resistance 1, negative energy
resistance 3, torment resistance, unbreathing
a: no special abilities


You were on level 4 of the Dungeon.
You were not hungry.

You visited 1 branch of the dungeon, and saw 4 of its levels.

You collected 162 gold pieces.

Inventory:

Hand Weapons
 a - a +2 hand axe (weapon)
Armour
 j - a +0 chain mail (worn)
Scrolls
 b - 2 scrolls of teleportation
 d - 2 scrolls of identify
 e - a scroll of random uselessness
 g - a scroll of enchant armour
 h - a scroll of enchant weapon
 i - a scroll of fear {unknown}
 k - a scroll of immolation {unknown}
 l - a scroll of amnesia {unknown}
Books
 c - a book of Callings

   Spells                             Type                      Level
   a - Summon Small Mammal            Summoning                    1
   b - Call Imp                       Summoning                    2
   c - Call Canine Familiar           Summoning                    3
   d - Summon Guardian Golem          Hexes/Summoning              3
   e - Summon Lightning Spire         Summoning/Air                4
   f - Summon Ice Beast               Ice/Summoning                4
 f - a book of Beasts

   Spells                             Type                      Level
   a - Summon Butterflies             Summoning                    1
   b - Call Canine Familiar           Summoning                    3
   c - Summon Ice Beast               Ice/Summoning                4
   d - Summon Mana Viper              Hexes/Summoning              5
   e - Summon Hydra                   Summoning                    7


   Skills:
 - Level 4.0 Fighting
 * Level 4.9 Axes
 - Level 1.0 Throwing
 + Level 3.9 Armour
 - Level 1.0 Stealth


You had 5 spell levels left.
You didn't know any spells.

Dungeon Overview and Level Annotations

Branches:
Dungeon (4/15)
 Temple: D:4-7

Altars:
Cheibriados
Hepliaklqana
Yredelemnul

Annotations:
D:4 Aziraphale's ghost, amateur DrMo


Innate Abilities, Weirdness & Mutations

You do not eat or drink.
Your flesh is vulnerable to fire.
You are immune to poison.
Your flesh is cold resistant. (rC+)
You are immune to negative energy. (rN+++)
You are immune to unholy pain and torment.
You can survive without breathing.


Message History

An adder and an ogre come into view.
You hit the ogre.
The ogre is lightly wounded.
The ogre hits you with a giant spiked club!!
You barely miss the ogre.
The ogre is lightly wounded.
The ogre hits you with a giant spiked club.
You hit the ogre.
The ogre is lightly wounded.
The ogre hits you with a giant spiked club!
* * * LOW HITPOINT WARNING * * *
You hit the ogre.
The ogre is lightly wounded.
You hit the ogre.
The ogre is moderately wounded.
The ogre barely misses you.
You hit the ogre but do no damage.
The ogre is moderately wounded.
The ogre hits you with a giant spiked club!
You die...

#.# #.##
#.# #..#
#.# ##.#
#.#####.#
#<#
#....O..#
#.#
#.####.S#
#O# #.#
#.## #O#
##... #@#
#...#
###.#
._.#
#...#
...#
#.#.#
###.#
#.#.# #<#
#.#.# #.#
#.#.. #O.
#.### #.#
#.######
#.#


You could see an ogre.

Vanquished Creatures
  Grinder (D:3)
  Terence (D:3)
  2 orc wizards
  A worker ant (D:3)
  4 adders
  2 oozes
  6 worms
  2 dart slugs
  2 leopard geckos
  11 orcs (D:3)
  4 ball pythons
  3 giant cockroaches
  6 goblins
  7 hobgoblins
  3 jackals
  A quokka (D:2)
  7 bats
  4 frilled lizards
  4 kobolds
  12 rats
  A spectral orc (D:2)
84 creatures vanquished.

Notes
Turn   | Place    | Note
-------+----------+-------------------------------------------
     0 | D:1      | rgaf the Mummy Wanderer began the quest for the Orb.
     0 | D:1      | rgaf set off with: a +2 hand axe, a scroll of teleportation, a +0 ring mail
     0 | D:1      | Reached XP level 1. HP: 19/19 MP: 1/1
   134 | D:1      | Reached XP level 2. HP: 20/25 MP: 2/2
   522 | D:2      | Reached XP level 3. HP: 22/30 MP: 3/3
  1317 | D:2      | Found a basalt altar of Yredelemnul.
  1376 | D:2      | Reached XP level 4. HP: 23/37 MP: 4/4
  2688 | D:3      | Reached XP level 5. HP: 35/42 MP: 5/5
  3134 | D:3      | Noticed Terence
  3175 | D:3      | Killed Terence
  3481 | D:3      | Noticed Grinder
  3524 | D:3      | Paralysed by Grinder for 3 turns
  3540 | D:3      | Killed Grinder
  3540 | D:3      | Reached XP level 6. HP: 28/48 MP: 6/6
  3762 | D:3      | Found a hazy altar of Hepliaklqana.
  3925 | D:4      | Found a snail-covered altar of Cheibriados.
  3983 | D:4      | Noticed Aziraphale's ghost (amateur DrMo)
  4073 | D:4      | Slain by an ogre

Vault maps used:
D:1:      moated_graveyard_arrival
D:2:      yredelemnul_forgotten_temple_becter
D:3:      marbit_many_paths, uniq_grinder, uniq_terence
D:4:      cheibriados_altar_1, lightli_sewer_entry_pipes,
          kennysheep_generic_room_13

Skill      XL: |  1  2  3  4  5 |
---------------+----------------+-----
Axes           | 2 3 4 |  4.9
Armour         | 3 |  3.9
Fighting       | |  4.0
Throwing       | |  1.0
Stealth        | |  1.0

Action                   |  1- 3 |  4- 6 || total
-------------------------+-------+-------++-------
Melee: Hand axe          |   108 |   230 ||   338
  Use: Scroll            |       |     4 ||     4
Armor: Ring mail         |    43 |    59 ||   102
       Chain mail        |       |    22 ||    22
Dodge: Dodged            |    50 |   112 ||   162
